 Dungeon Crawl Stone Soup version 0.19-a0-1008-g4c63d25 (webtiles) character file.

508 poirepourri the Gusty (level 7, -7/36 HPs)
             Began as a Tengu Air Elementalist on July 23, 2016.
             Was an Initiate of Vehumet.
             Mangled by an ice beast (13 damage)
             ... on level 5 of the Dungeon.
             The game lasted 00:09:03 (5431 turns).

poirepourri the Gusty (Tengu Air Elementalist)      Turns: 5431, Time: 00:09:04

Health: -7/36      AC:  3    Str:  8    XL:     7   Next: 18%
Magic:  7/14       EV: 13    Int: 18    God:    Vehumet [......]
Gold:   208        SH:  0    Dex: 14    Spells: 5 memorised, 1 level left

rFire  . . .     SeeInvis .     k - staff of energy
rCold  . . .     Gourm    .     a - +1 robe
rNeg   . . .     Faith    .     (no shield)
rPois  .         Spirit   .     (helmet restricted)
rElec  .         Dismiss  .     (no cloak)
rCorr  .         Reflect  .     (no gloves)
SustAt .         Harm     .     (boots unavailable)
MR     .....                    (no amulet)
Stlth  ++........               (no ring)
                                (no ring)

@: not resistant to hostile enchantments, unstealthy
A: beak, talons 3, able to fly 1
a: Fly, Renounce Religion


You were on level 5 of the Dungeon.
You worshipped Vehumet.
Vehumet was noncommittal.
You were not hungry.

You visited 2 branches of the dungeon, and saw 6 of its levels.

You collected 208 gold pieces.

Inventory:

Hand Weapons
 i - a +0 short sword
Armour
 a - a +1 robe (worn)
Magical Staves
 k - an uncursed staff of energy (weapon)
Jewellery
 d - an uncursed ring of protection from cold
 n - an uncursed ring of poison resistance
Potions
 c - a potion of flight {unknown}
 e - 2 potions of degeneration
 f - 2 potions of heal wounds {unknown}
 g - a potion of haste {unknown}
 l - a potion of might {unknown}
 m - 2 potions of brilliance {unknown}
Books
 b - a book of Air

   Spells                             Type                      Level
   a - Shock                          Conjuration/Air              1
   b - Swiftness                      Charms/Air                   2
   c - Repel Missiles                 Charms/Air                   2
   d - Static Discharge               Conjuration/Air              3
   e - Lightning Bolt                 Conjuration/Air              5
Comestibles
 j - 2 meat rations


   Skills:
 - Level 2.3 Dodging
 - Level 2.0 Stealth
 + Level 4.3 Spellcasting
 + Level 5.6 Conjurations
 + Level 6.6 Air Magic


You had one spell level left.
You knew the following spells:

 Your Spells              Type           Power        Failure   Level  Hunger
a - Shock                 Conj/Air       ####         1%          1    None
b - Swiftness             Chrm/Air       ###.....     8%          2    None
c - Repel Missiles        Chrm/Air       ###...       8%          2    None
d - Static Discharge      Conj/Air       ####....     3%          3    None
e - Lightning Bolt        Conj/Air       ####......   34%         5    None


Dungeon Overview and Level Annotations

Branches:
Dungeon (5/15)             Temple (1/1) D:4

Altars:
Cheibriados
Dithmenos
Elyvilon
Fedhas
Gozag
Hepliaklqana
Kikubaaqudgha
Makhleb
Nemelex Xobeh
Okawaru
Pakellas
Qazlal
Sif Muna
Trog
Vehumet
Xom
Yredelemnul
Zin
The Shining One

Shops:
D:4 (


Innate Abilities, Weirdness & Mutations

You have a beak for a mouth.
You have claws for feet.
You can fly.


Message History

The ice beast hits you but does no damage.
Casting: Shock
Confirm with . or Enter, or press ? or * to list all spells.
Aiming: Shock
Press: ? - help, Shift-Dir - straight line, f/p - ice beast
Aim: an ice beast (heavily wounded)
The zap hits the ice beast.
The ice beast is heavily wounded.
The ice beast hits you. The ice beast freezes you!
* * * LOW HITPOINT WARNING * * *
Casting: Shock
Confirm with . or Enter, or press ? or * to list all spells.
Aiming: Shock
Press: ? - help, Shift-Dir - straight line, p - ice beast The zap hits the ice beast.
The ice beast is severely wounded.
The ice beast hits you.
* * * LOW HITPOINT WARNING * * *
The ice beast freezes you!
You die...

#........#
#........##
...........
#.../.....
.......# .....
#.Y# #.@#
...............
.#...#.##..####
### #. ..# ##
.# .# #


You could see an ice beast.

Vanquished Creatures
  2 ogres
  A centaur skeleton (D:4)
  3 orc wizards
  Natasha (twice) (D:4)
  A worker ant (D:4)
  A gnoll (D:1)
  4 adders
  A shadow imp (D:3)
  3 oozes
  An adder skeleton (D:4)
  A worm (D:3)
  A dart slug (D:1)
  2 giant geckos (D:1)
  7 orcs
  A ball python (D:3)
  5 bats
  6 giant cockroaches
  12 goblins
  6 hobgoblins
  A quokka (D:3)
  5 giant newts (D:1)
  4 kobolds
  9 rats
79 creatures vanquished.

Notes
Turn   | Place    | Note
-------+----------+-------------------------------------------
     0 | D:1      | poirepourri the Tengu Air Elementalist began the quest for the Orb.
     0 | D:1      | Reached XP level 1. HP: 10/10 MP: 4/4
   280 | D:1      | Reached XP level 2. HP: 15/15 MP: 1/6
   766 | D:1      | Reached XP level 3. HP: 19/19 MP: 1/7
  1017 | D:1      | Learned a level 2 spell: Swiftness
  1020 | D:1      | Learned a level 2 spell: Repel Missiles
  1032 | D:1      | Reached skill level 5 in Air Magic
  2028 | D:2      | Reached XP level 4. HP: 21/24 MP: 3/8
  2125 | D:2      | Learned a level 3 spell: Static Discharge
  2805 | D:3      | Gained mutation: You can fly. [Tengu growth]
  2805 | D:3      | Reached XP level 5. HP: 16/28 MP: 0/10
  3089 | D:3      | Noticed an ogre
  3105 | D:3      | Killed an ogre
  3105 | D:3      | Reached XP level 6. HP: 32/32 MP: 3/12
  3920 | D:4      | Reached skill level 6 in Air Magic
  3947 | D:4      | Reached skill level 5 in Conjurations
  4225 | D:4      | Found Foghei's Weapon Shoppe.
  4262 | D:4      | Found a white marble altar of Elyvilon.
  4343 | D:4      | Found a snail-covered altar of Cheibriados.
  4379 | D:4      | Noticed Natasha
  4390 | D:4      | Killed Natasha
  4534 | D:4      | Noticed Natasha
  4538 | D:4      | Killed Natasha
  4667 | D:4      | Learned a level 5 spell: Lightning Bolt
  4679 | D:4      | Reached XP level 7. HP: 36/36 MP: 9/14
  4689 | D:4      | Found a staircase to the Ecumenical Temple.
  4696 | Temple   | Entered the Ecumenical Temple
  4869 | Temple   | Became a worshipper of Vehumet
  5151 | D:4      | Found a basalt altar of Yredelemnul.
  5241 | D:4      | Found a blossoming altar of Fedhas.
  5423 | D:5      | Entered Level 5 of the Dungeon
  5431 | D:5      | Mangled by an ice beast

Vault maps used:
D:1:      dpeg_arrival_chambers_temple_mockup, hex_medium
D:3:      first_bread
D:4:      marbit_many_paths, kennysheep_mini, overflow_temple_1_default,
          serial_shops, nicolae_shop_trees, elyvilon_altar_1, uniq_natasha
D:5:      nicolae_ru_path_of_blood, uniq_sigmund
Temple:   eino_temple_scatter_basement

Skill      XL: |  1  2  3  4  5  6 |
---------------+-------------------+-----
Air Magic      | 5 6 |  6.6
Conjurations   | 2 3 4 5 |  5.6
Spellcasting   | 3 4 |  4.3
Dodging        | |  2.3
Stealth        | |  2.0

Action                   |  1- 3 |  4- 6 |  7- 9 || total
-------------------------+-------+-------+-------++-------
Melee: Short sword       |     7 |     2 |       ||     9
       Kick              |     2 |     1 |       ||     3
       Peck              |     1 |       |       ||     1
 Cast: Shock             |    81 |   104 |    25 ||   210
       Static Discharge  |       |     3 |       ||     3
  Use: Scroll            |     2 |     6 |     1 ||     9
  Eat: Bread ration      |     1 |     1 |       ||     2
       Meat ration       |       |     1 |       ||     1
       Pizza             |       |     1 |       ||     1
Armor: Robe              |     1 |     5 |     2 ||     8
Dodge: Dodged            |    26 |    16 |     1 ||    43
